 Dungeon Crawl Stone Soup version 0.19-a0-1097-g38e3b35 (webtiles) character file.

7834 seren the Cleaver (level 11, -9/100 HPs)
             Began as a Deep Dwarf Fighter on Aug 8, 2016.
             Was a Believer of Pakellas.
             Mangled by Snorg (15 damage)
             ... on level 10 of the Dungeon.
             The game lasted 01:00:28 (10200 turns).

seren the Cleaver (Deep Dwarf Fighter)             Turns: 10200, Time: 01:00:30

Health: -9/100     AC: 15    Str: 22    XL:     11   Next: 2%
Magic:  18/18      EV:  8    Int:  9    God:    Pakellas [**....]
Gold:   684        SH: 15    Dex: 13    Spells: 0 memorised, 10 levels left

rFire  . . .     SeeInvis .     a - +0 war axe
rCold  . . .     Gourm    .     b - +0 scale mail
rNeg   + . .     Faith    .     s - +4 shield
rPois  .         Spirit   .     B - +1 helmet
rElec  .         Dismiss  .     G - +0 cloak
rCorr  .         Reflect  .     Q - +1 pair of gloves
SustAt .         Harm     .     T - +0 pair of boots
MR     +....                    (no amulet)
Stlth  ..........               N - ring of flight
                                i - ring of positive energy

@: non-regenerating
A: damage resistance, recharge devices, sense surroundings 2, slow regeneration
3
a: Device Recharging, Quick Charge, Renounce Religion, Evoke Flight


You were on level 10 of the Dungeon.
You worshipped Pakellas.
Pakellas was pleased with you.
You were not hungry.

You visited 4 branches of the dungeon, and saw 14 of its levels.
You also visited: Ossuary.

You collected 849 gold pieces.
You spent 165 gold pieces at shops.

Inventory:

Hand Weapons
 a - a +0 war axe (weapon)
 o - a +0 mace
Missiles
 h - 2 throwing nets
 j - 281 stones
 M - 3 tomahawks (quivered)
Armour
 b - a +0 scale mail (worn)
 s - a +4 shield (worn)
 B - a +1 helmet (worn)
 G - a +0 cloak (worn)
 Q - a +1 pair of gloves (worn)
 T - a +0 pair of boots (worn)
Jewellery
 i - a ring of positive energy (left hand)
 x - an uncursed ring of positive energy
 N - a ring of flight (right hand)
Wands
 e - a wand of heal wounds (2/9)
 y - a wand of flame (17/48)
 D - a wand of confusion (18/48)
 W - a wand of acid (0/15)
 X - a wand of paralysis (13/24)
Scrolls
 l - a scroll of fog {unknown}
 m - 7 scrolls of remove curse
 q - a scroll of noise {unknown}
 r - 2 scrolls of teleportation {unknown}
 t - 2 scrolls of magic mapping {unknown}
 w - 2 scrolls of random uselessness {unknown}
 A - a scroll of identify
 C - 3 scrolls of immolation
 I - 2 scrolls of fear
 J - a scroll of blinking {unknown}
 P - 2 scrolls of amnesia {unknown}
 U - a scroll of enchant weapon {unknown}
 V - a scroll of acquirement {unknown}
Potions
 d - 2 potions of might
 g - a potion of magic
 k - 3 potions of lignification
 n - a potion of invisibility {unknown}
 p - a potion of heal wounds
 u - a potion of beneficial mutation {unknown}
 z - 9 potions of curing
 E - a potion of flight {unknown}
 H - a potion of cancellation {unknown}
 L - a potion of cure mutation {unknown}
 S - 2 potions of brilliance {unknown}
Miscellaneous
 O - a phantom mirror
Comestibles
 c - 5 meat rations
 f - 4 bread rations
 v - 5 chunks of flesh
 K - a beef jerky
 R - 10 royal jellies


   Skills:
 - Level 7.2 Fighting
 + Level 11.4 Axes
 - Level 7.5 Armour
 - Level 7.6 Shields
 - Level 9.5 Evocations


You had 10 spell levels left.
You didn't know any spells.

Dungeon Overview and Level Annotations

Branches:
Dungeon (11/15)            Temple (1/1) D:6            Lair (1/6) D:11
    Orc (1/2) D:9

Altars:
Ashenzari
Cheibriados
Dithmenos
Elyvilon
Fedhas
Gozag
Hepliaklqana
Kikubaaqudgha
Makhleb
Nemelex Xobeh
Okawaru
Pakellas
Qazlal
Ru
Sif Muna
Trog
Uskayaw
Vehumet
Xom
Yredelemnul
Zin
The Shining One

Shops:
D:6 *

Annotations:
D:5 Sigmund
D:10 !invisible horror, Snorg
Abyss:1 Maurice


Innate Abilities, Weirdness & Mutations

You are resistant to damage.
You can recharge devices by infusing magical energy.
You passively map the area around you.
You do not regenerate naturally.


Message History

You are too injured to fight recklessly!
You are too injured to fight recklessly!
You are too injured to fight recklessly!
You slash Snorg!
Snorg is moderately wounded.
Snorg bites you!
* * * LOW HITPOINT WARNING * * *
You block Snorg's attack. Snorg claws you but does no damage.
You slash Snorg!
Snorg is moderately wounded.
Snorg bites you!
* * * LOW HITPOINT WARNING * * *
You block Snorg's attack. Snorg claws you.
* * * LOW HITPOINT WARNING * * *
You block Snorg's attack. Snorg barely misses you. x2
You barely miss Snorg.
Snorg is moderately wounded.
Snorg bites you!!
You die...
Pakellas says: That's one more possible approach eliminated.

, , , , * , * ,,
#..#..........###
,
.................,
, ,
.................
,, *
...............#*
, , .............#
* ,, , ,
#..........# ** ,
, ,,,
#.....T...### ...,
, #...@....... ,
.... ,, *
##.......... ,
.... , #.......###
* * #.. * , *
##......## #. *
##........# #. * *
#..รท......## *# ,
, * ##..######..#
## ##..## #..##
###. , ..####..##
##..# ##...


You could see Snorg (berserk).

Vanquished Creatures
  An unseen horror (D:10)
  A wizard (D:11)
  2 cyclopes (D:11)
  A kobold demonologist (D:11)
  A two-headed ogre (D:9)
  Grum (D:11)
  3 yaks (D:11)
  A steam dragon (D:11)
  Edmund (D:6)
  3 orc warriors
  2 ice beasts (D:6)
  A sky beast (D:5)
  2 black bears
  A wasp (D:8)
  2 phantoms
  4 wolves (D:11)
  4 centaurs
  An ogre (D:4)
  6 giant frogs
  6 scorpions
  4 killer bees (D:8)
  The ghost of Leszczynek the Cudgeler, a weakling OgEE (D:3)
  2 wights (D:9)
  A howler monkey (D:4)
  A giant frog zombie (D:5)
  A quasit (D:9)
  3 hounds
  3 jellies
  3 orc priests
  2 centaur skeletons
  6 orc wizards
  A giant frog skeleton (D:11)
  2 iguanas
  5 worker ants
  2 sheep (D:11)
  A hound skeleton (D:4)
  A worker ant zombie (D:11)
  6 mummies (Ossuary)
  Robin (D:4)
  9 gnolls
  4 adders
  A shadow imp (D:11)
  6 oozes
  An adder zombie (D:6)
  A worm (D:4)
  3 dart slugs
  8 giant geckos
  24 orcs
  2 ball pythons
  5 giant cockroaches
  7 hobgoblins
  9 jackals
  4 quokkas
  7 bats
  2 giant gecko skeletons
  6 giant newts
  2 gnoll zombies (Ossuary)
  18 goblins
  A hobgoblin zombie (Ossuary)
  12 kobolds
  2 kobold zombies (Ossuary)
  2 orc zombies (Ossuary)
  2 quokka zombies
  10 rats
238 creatures vanquished.

Vanquished Creatures (others)
  An orc warrior (D:6)
  A sky beast (D:5)
  A centaur (D:11)
  A giant frog (D:9)
  A wight (D:9)
  A giant frog zombie (D:8)
  A hound (D:8)
  3 jellies
  An orc priest (D:6)
  An orc wizard (D:9)
  A worker ant (D:9)
  A hound zombie (D:7)
  2 mummies (Ossuary)
  A gnoll (D:6)
  An adder (D:2)
  2 worms
  A dart slug (D:2)
  An orc (D:3)
  A hobgoblin zombie (Ossuary)
23 creatures vanquished.

Grand Total: 261 creatures vanquished

Notes
Turn   | Place    | Note
-------+----------+-------------------------------------------
     0 | D:1      | seren the Deep Dwarf Fighter began the quest for the Orb.
     0 | D:1      | Reached XP level 1. HP: 20/20 MP: 1/1
    10 | D:1      | Noticed a giant frog
   214 | D:1      | Reached XP level 2. HP: 21/28 MP: 2/2
   839 | D:1      | Reached skill level 3 in Axes
   845 | D:2      | Reached XP level 3. HP: 21/34 MP: 3/3
  1383 | D:3      | Reached XP level 4. HP: 23/44 MP: 4/4
  1435 | D:3      | Reached skill level 4 in Axes
  1466 | D:3      | Found an iron altar of Okawaru.
  1576 | D:3      | Reached XP level 5. HP: 26/50 MP: 5/5
  1629 | D:3      | Noticed Leszczynek's ghost (weakling OgEE)
  1651 | D:3      | Killed Leszczynek's ghost
  1832 | D:3      | Found a burning altar of Makhleb.
  1848 | D:3      | Found an oddly glowing altar of Pakellas.
  1876 | D:3      | Became a worshipper of Pakellas the Inventive
  1988 | D:4      | Reached skill level 5 in Axes
  2097 | D:4      | Noticed Robin
  2112 | D:4      | Killed Robin
  2143 | D:4      | Reached XP level 6. HP: 40/58 MP: 6/6
  2203 | D:4      | Found a glowing golden altar of the Shining One.
  2371 | D:4      | Reached * piety under Pakellas
  2371 | D:4      | Received a gift from Pakellas
  2371 | D:4      | Reached skill level 5 in Fighting
  2703 | D:5      | Entered Level 5 of the Dungeon
  2767 | D:4      | Reached skill level 6 in Axes
  2767 | D:4      | Reached XP level 7. HP: 27/67 MP: 7/7
  2963 | D:5      | Found a sand-covered staircase.
  2982 | Ossuary  | Entered an ossuary
  3079 | Ossuary  | Reached skill level 7 in Axes
  3365 | D:5      | You fall through a shaft for 3 floors!
  3589 | D:5      | Reached XP level 8. HP: 54/78 MP: 8/8
  3619 | D:5      | Noticed Sigmund
  3795 | D:6      | Found Zequfo's Assorted Antiques.
  3812 | D:6      | Bought a twitching wooden ring for 165 gold pieces
  3812 | D:6      | Identified the ring of Nir Yst {Wiz -Tele rN+ MR- Int+5} (You bought it in a shop on level 6 of the Dungeon)
  3920 | D:6      | Reached skill level 8 in Axes
  3978 | D:6      | Found a staircase to the Ecumenical Temple.
  3993 | Temple   | Entered the Ecumenical Temple
  4152 | D:6      | Noticed Edmund
  4160 | D:6      | Killed Edmund
  4275 | D:6      | Reached skill level 9 in Axes
  4315 | D:6      | Found a basalt altar of Yredelemnul.
  4420 | D:6      | Reached ** piety under Pakellas
  4420 | D:6      | Received a gift from Pakellas
  4833 | D:7      | Reached skill level 5 in Armour
  4867 | D:7      | Reached skill level 5 in Shields
  5140 | D:7      | Gained mutation: You passively map the area around you. [Deep Dwarf growth]
  5140 | D:7      | Reached XP level 9. HP: 72/85 MP: 9/9
  5931 | D:8      | Found a white marble altar of Elyvilon.
  7175 | D:9      | Found a shadowy altar of Dithmenos.
  7183 | D:9      | Found a radiant altar of Vehumet.
  7183 | D:9      | Found a hazy altar of Hepliaklqana.
  7438 | D:9      | Found a staircase to the Orcish Mines.
  7797 | D:10     | Entered Level 10 of the Dungeon
  7877 | D:10     | Reached *** piety under Pakellas
  7877 | D:10     | Received a gift from Pakellas
  8260 | Orc:1    | Entered Level 1 of the Orcish Mines
  8260 | Orc:1    | Noticed an orc knight
  8319 | D:9      | Reached skill level 5 in Evocations
  8380 | D:10     | Noticed Maurice
  8811 | D:10     | Banished Maurice
  8811 | D:10     | Reached XP level 10. HP: 81/92 MP: 4/14
  8911 | D:11     | Noticed a cyclops
  8936 | D:11     | Killed a cyclops
  9084 | D:11     | Noticed a wizard
  9097 | D:11     | Paralysed by a wizard for 5 turns
  9099 | D:11     | Noticed Grum
  9125 | D:11     | Killed a wizard
  9152 | D:11     | Killed Grum
  9188 | D:11     | Found a staircase to the Lair.
  9198 | Lair:1   | Entered Level 1 of the Lair of Beasts
  9301 | D:11     | Noticed a five-headed hydra
  9615 | D:11     | Reached skill level 10 in Axes
  9648 | D:11     | Noticed a cyclops
  9671 | D:11     | Killed a cyclops
  9804 | D:11     | Reached skill level 11 in Axes
 10133 | D:10     | Killed an unseen horror
 10133 | D:10     | Reached XP level 11. HP: 41/100 MP: 7/18
 10187 | D:10     | Noticed Snorg
 10200 | D:10     | Mangled by Snorg

Vault maps used:
D:1:      evilmike_arrival_come_back, minmay_cut_off
D:2:      item_on_display_a
D:3:      gammafunk_temple_overflow_pools, okawaru_gym_becter
D:4:      old_standard_altar, minivault_24, uniq_robin
D:5:      first_bread, chequers_ossuary_entry_cave, uniq_sigmund
D:6:      yredelemnul_altar_generic, serial_shops, shop, uniq_edmund
D:8:      overflow_temple_1_default, hangedman_little_slice_of_home
D:9:      gammafunk_temple_overflow_forgotten, orc_0_dummy
D:10:     uniq_maurice, uniq_joseph, uniq_snorg
D:11:     minmay_shrinking_squares, lair_0_dummy, uniq_grum
Temple:   eino_temple_water
Lair:1:   grunt_megastairs_4, lemuel_fruit_tree
Orc:1:    nicolae_orc_rockfall
Ossuary:  ossuary_tomb_3

Skill      XL: |  1  2  3  4  5  6  7  8  9 10 |
---------------+-------------------------------+-----
Fighting       | 3 4 5 6 7 |  7.2
Axes           | 3 4 5 6 7 9 11 | 11.4
Armour         | 5 7 |  7.5
Shields        | 5 7 |  7.6
Evocations     | 6 9 |  9.5

Action                   |  1- 3 |  4- 6 |  7- 9 | 10-12 || total
-------------------------+-------+-------+-------+-------++-------
Melee: War axe           |    78 |       |       |   130 ||   208
       Hand axe          |    57 |   173 |   433 |    75 ||   738
Throw: Stone             |     3 |     2 |     9 |       ||    14
       Tomahawk          |       |       |     3 |       ||     3
Invok: Quick Charge      |       |       |     6 |    11 ||    17
Evoke: Wand              |       |     1 |    28 |    17 ||    46
  Use: Scroll            |       |       |    14 |     1 ||    15
       Potion            |       |       |     1 |    11 ||    12
 Stab: Paralysed         |       |       |     4 |       ||     4
  Eat: Chunk             |     2 |     4 |    15 |     3 ||    24
       Beef jerky        |       |       |     2 |       ||     2
       Fruit             |       |       |     2 |       ||     2
       Royal jelly       |       |       |       |     1 ||     1
Armor: Scale mail        |    58 |    38 |   113 |   135 ||   344
       Chain mail        |       |       |     1 |       ||     1
Dodge: Dodged            |    27 |    37 |    61 |    56 ||   181
Block: Shield            |    73 |    71 |   223 |   178 ||   545
